 Dungeon Crawl Stone Soup version 0.25.1-8-g42b30a86e7 (webtiles) character file.

Game seed: 4480069887472002210

2979 Jukra the Basher (level 9, 0/80 HPs)
             Began as a Minotaur Berserker on Dec 8, 2020.
             Was an Elder of Trog.
             Incinerated by ciphuk's ghost (3 damage)
             ... with a sticky flame
             ... on level 7 of the Dungeon.
             The game lasted 00:23:58 (6115 turns).

Jukra the Basher (Minotaur Berserker)               Turns: 6115, Time: 00:23:58

Health: 0/80       AC: 35    Str: 26    XL:     9   Next: 53%
Magic:  8/8        EV:  1    Int: 12    God:    Trog [****..]
Gold:   249        SH:  0    Dex:  4    Spells: 8/8 levels left

rFire    + . .     SeeInvis .   z - +1 flail (protect)
rCold    + . .     Gourm    .   (no shield)
rNeg     + . .     Faith    .   p - +6 gold dragon scales of the Will of the Gods {rPois rF+ rC+ rN+ MR- Int+8 Dex-5}
rPois    +         Spirit   .   (helmet restricted)
rElec    .         Reflect  .   o - +1 cloak
rCorr    .         Harm     .   (no gloves)
MR       .....                  (no boots)
Stlth    ..........             (no amulet)
HPRegen  0.23/turn              g - -4 ring of evasion (curse)
MPRegen  0.11/turn              d - +4 ring of protection

@: liquid flames, protection aura, berserk cooldown, slowed, glowing, drained,
very slow
A: retaliatory headbutt, horns 2
a: Berserk, Trog's Hand, Brothers in Arms, Renounce Religion


You were on level 7 of the Dungeon.
You worshipped Trog.
Trog was greatly pleased with you.
You were hungry.

You visited 2 branches of the dungeon, and saw 8 of its levels.

You collected 398 gold pieces.
You spent 149 gold pieces at shops.

Inventory:

Hand Weapons
 z - a +1 flail of protection (weapon)
Armour
 o - a +1 cloak (worn)
 p - the +6 gold dragon scales of the Will of the Gods (worn) {rPois rF+ rC+ rN+ MR- Int+8 Dex-5}
   (You found it on level 4 of the Dungeon)

   It affects your intelligence (+8).
   It affects your dexterity (-5).
   It protects you from fire.
   It protects you from cold.
   It protects you from poison.
   It protects you from negative energy.
   It affects your resistance to hostile enchantments.
 C - a +1 scale mail of cold resistance
 D - a +1 chain mail of cold resistance
Jewellery
 d - a +4 ring of protection (right hand)
 e - a +6 ring of intelligence
 g - a cursed -4 ring of evasion (left hand)
 n - an uncursed ring of poison resistance
Wands
 h - a wand of clouds (7)
 j - a wand of enslavement (8)
 s - a wand of flame (11)
 v - a wand of random effects (19)
Scrolls
 a - a scroll of enchant weapon {unknown}
 b - a scroll of teleportation
 r - 2 scrolls of identify
 y - 3 scrolls of remove curse {unknown}
 A - a scroll of enchant armour
Potions
 f - 3 potions of curing
 i - a potion of lignification {unknown}
 k - 2 potions of brilliance {unknown}
 l - 4 potions of heal wounds {unknown}
 m - a potion of stabbing {unknown}
 q - a potion of haste {unknown}
 t - a potion of resistance {unknown}
 u - a potion of might {unknown}
 w - 2 potions of magic {unknown}
 x - 2 potions of flight {unknown}
Comestibles
 c - 17 rations
 B - 10 chunks of flesh


   Skills:
 + Level 7.7(6.5) Fighting
 + Level 11.2(9.9) Maces & Flails
 + Level 9.5(8.2) Armour
 + Level 3.0(1.9) Dodging
 + Level 0.5(0.0) Stealth


You had 8 spell levels left.
You didn't know any spells.
Your spell library contained the following spells:

 Spells                   Type           Power        Failure   Level  Hunger
 Corona                   Hex            #......      100%        1    ##.....
 Ensorcelled Hibernation  Hex/Ice        #.....       100%        2    ###....
 Poisonous Vapours        Pois/Air       #.....       100%        2    ###....
 Confusing Touch          Hex            #.......     100%        3    ####...
 Conjure Flame            Conj/Fire      #.......     100%        3    ####...
 Dazzling Flash           Conj/Hex       #.....       100%        3    ####...
 Mephitic Cloud           Conj/Pois/Air  #.......     100%        3    ####...
 Tukima's Dance           Hex            #.......     100%        3    ####...
 Freezing Cloud           Conj/Ice/Air   #.........   100%        6    #######
 Ring of Flames           Chrm/Fire      #.........   100%        7    #######


Dungeon Overview and Level Annotations

Branches:
Dungeon (7/15)             Temple (1/1) D:7

Altars:
Ashenzari
Dithmenos
Elyvilon
Fedhas
Gozag
Hepliaklqana
Kikubaaqudgha
Makhleb
Nemelex Xobeh
Okawaru
Qazlal
Ru
Sif Muna
Trog
Uskayaw
Vehumet
Wu Jian
Xom
Yredelemnul
Zin
The Shining One

Shops:
D:7 (

Annotations:
D:7 ciphuk's ghost, novice FeFE


Innate Abilities, Weirdness & Mutations

You reflexively headbutt those who attack you in melee.
You have a pair of horns on your head.


Message History

* * * LOW HITPOINT WARNING * * *
Ciphuk's ghost hits you but does no damage.
Exporg's ghost hits you but does no damage.
You partially resist.
You feel drained.
You hit Exporg's ghost.
You destroy Exporg's ghost!
Trog accepts your kill.
Your base Maces & Flails skill increases to level 11!
Your base Armour skill increases to level 9!
You are covered in liquid flames!
* * * LOW HITPOINT WARNING * * *
Ciphuk's ghost hits you but does no damage. x2
Your gold dragon scales of the Will of the Gods prevents you from hitting ciphuk's ghost.
You are covered in liquid flames!
* * * LOW HITPOINT WARNING * * *
Ciphuk's ghost hits you!
* * * LOW HITPOINT WARNING * * *
You miss ciphuk's ghost.
You are covered in liquid flames!
You die...

...# #.## #### ... #.# # ###.#.
##### #.# ###... ##.P⌠P### #..
##..### #8....#.# #.# .#....#
$.....#.# #.#
#...#.#.#P.....'.###.#
##......#⌠.....'..##.# #
#...#####P.....W@....#####.####
.#......#......#..##...........
##.#######8....#..#####.######
##.# #.##$P⌠P#>.# #..#
...#####.########## ##.#
...............# #.#
÷÷######.####### #.# ..# #.#
#.# ..# ##>## #.#


You could see ciphuk's ghost.

Vanquished Creatures
  The ghost of Exporg the Magician, a novice GnSk (D:7)
  A hornet (D:7)
  A hippogriff (D:7)
  Sigmund (D:4)
  Menkaure (D:4)
  An orc warrior (D:7)
  An ice beast (D:5)
  A black bear (D:6)
  An ogre (D:6)
  A phantom (D:6)
  2 centaurs
  A big kobold (D:7)
  Blork the orc (D:4)
  2 bullfrogs (D:6)
  2 howler monkeys
  A crimson imp (D:6)
  2 hounds
  4 orc priests
  7 orc wizards
  3 iguanas
  Natasha (D:3)
  3 worker ants
  A hound skeleton (D:4)
  Robin (D:4)
  4 gnolls (D:3)
  4 adders
  2 shadow imps
  An ooze (D:3)
  An adder skeleton (D:5)
  An adder zombie (D:6)
  A worm (D:2)
  2 dart slugs
  3 leopard geckos
  28 orcs
  2 giant cockroaches
  12 goblins
  9 hobgoblins
  3 jackals (D:6)
  12 kobolds
  5 quokkas
  A ball python (D:2)
  4 bats
  6 frilled lizards
  A giant cockroach zombie (D:5)
  A jackal zombie (D:5)
  9 rats
153 creatures vanquished.

Notes
Turn   | Place    | Note
-------+----------+-------------------------------------------
     0 | D:1      | Jukra the Minotaur Berserker began the quest for the Orb.
     0 | D:1      | Reached XP level 1. HP: 19/19 MP: 0/0
   443 | D:1      | Reached skill level 4 in Maces & Flails
   443 | D:1      | Reached XP level 2. HP: 27/27 MP: 1/1
   760 | D:2      | Found a sacrificial altar of Ru.
   766 | D:2      | Reached XP level 3. HP: 34/34 MP: 2/2
   890 | D:2      | Reached ** piety under Trog
   997 | D:2      | Found a glowing golden altar of the Shining One.
  1297 | D:3      | Reached XP level 4. HP: 41/41 MP: 3/3
  1301 | D:3      | Reached skill level 5 in Maces & Flails
  1318 | D:3      | Reached XP level 5. HP: 47/47 MP: 4/4
  1464 | D:3      | HP: 2/47 [gnoll/+0 halberd (5)]
  1832 | D:3      | Noticed Natasha
  1837 | D:3      | Killed Natasha
  1837 | D:3      | Reached skill level 6 in Maces & Flails
  2220 | D:3      | Reached XP level 6. HP: 55/55 MP: 5/5
  2428 | D:4      | Reached *** piety under Trog
  2459 | D:4      | Got buzzing gold dragon scales
  2475 | D:4      | Identified the +6 gold dragon scales of the Will of the
                  | Gods {rPois rF+ rC+ rN+ MR- Int+8 Dex-5} (You found it on
                  | level 4 of the Dungeon)
  2505 | D:4      | Reached skill level 5 in Armour
  2562 | D:4      | Noticed Robin
  2575 | D:4      | Noticed Menkaure
  2587 | D:4      | Killed Menkaure
  2587 | D:4      | Reached skill level 5 in Fighting
  2589 | D:4      | Reached XP level 7. HP: 53/61 MP: 6/6
  2593 | D:4      | Killed Robin
  2762 | D:4      | Noticed Blork the orc
  2764 | D:4      | Reached skill level 7 in Maces & Flails
  2796 | D:4      | Killed Blork the orc
  2932 | D:4      | Noticed Sigmund
  2943 | D:4      | Killed Sigmund
  3333 | D:5      | Entered Level 5 of the Dungeon
  3372 | D:5      | Reached skill level 8 in Maces & Flails
  3381 | D:5      | Reached XP level 8. HP: 59/69 MP: 7/7
  3522 | D:5      | Found a shattered altar of Ashenzari.
  4103 | D:5      | Found a burning altar of Makhleb.
  4145 | D:4      | Found a sparkling altar of Nemelex Xobeh.
  4145 | D:4      | Found a bloodstained altar of Trog.
  4226 | D:6      | Reached **** piety under Trog
  4333 | D:6      | Reached skill level 9 in Maces & Flails
  4750 | D:6      | Found a hazy altar of Hepliaklqana.
  5217 | D:7      | Found Zatair's Antique Weapon Shop.
  5244 | D:7      | Reached skill level 10 in Maces & Flails
  5252 | D:7      | Bought a glowing flail for 149 gold pieces
  5352 | D:7      | Found a staircase to the Ecumenical Temple.
  5388 | Temple   | Entered the Ecumenical Temple
  5634 | D:7      | Noticed a hornet
  5649 | D:7      | Killed a hornet
  5649 | D:7      | Reached XP level 9. HP: 76/79 MP: 8/8
  6018 | D:7      | Found a stormy altar of Qazlal.
  6069 | D:7      | Found a runed translucent gate.
  6069 | D:7      | Found a runed translucent gate.
  6069 | D:7      | Found a runed translucent gate.
  6073 | D:7      | Noticed ciphuk's ghost (novice FeFE)
  6073 | D:7      | Noticed Exporg's ghost (novice GnSk)
  6113 | D:7      | Killed Exporg's ghost
  6113 | D:7      | Reached skill level 11 in Maces & Flails
  6114 | D:7      | HP: 3/80 [ciphuk's ghost (7)]
  6115 | D:7      | Incinerated by ciphuk's ghost

Illustrated notes

Levels and vault maps discovered:
D:1:      minmay_arrival_diagonal_passages, layout_rooms
D:2:      layout_rooms, nicolae_tso_swordbearing_angel,
          nicolae_ru_great_annihilating_truth, kennysheep_generic_room_9
D:3:      layout_loops_ring, minivault_25, lemuel_statue_altar, uniq_natasha
D:4:      layout_basic, nicolae_overflow_hidden_temple, serial_curves,
          eino_curves_01, eino_curves_01, eino_curves_01, eino_curves_04,
          uniq_sigmund, uniq_robin, uniq_blork_the_orc, uniq_menkaure
D:5:      layout_rooms, lemuel_doored_altar, basic_altar, first_ration,
          minmay_fractal_squares_gapless_5
D:6:      layout_loops_cross, kennysheep_mini
D:7:      layout_loops_ring, lemuel_coloured_pillars_altar,
          cheibrodos_worm_habitat, minmay_temple_entry_tees,
          gammafunk_ghost_cemetery, serial_shops,
          nicolae_shop_overgrown_old_shop
Temple:   minmay_temple_curvy_branch

Skill      XL: |  1  2  3  4  5  6  7  8  9 |
---------------+----------------------------+-----
Fighting       | 4 5 7 |  7.7
Maces & Flails | 4 5 6 8 10 11 | 11.2
Armour         | 3 4 5 6 8 9 |  9.5
Dodging        | 3 |  3.0
Stealth        | |  0.5

Action                   |  1- 3 |  4- 6 |  7- 9 || total
-------------------------+-------+-------+-------++-------
Melee: Mace              |    73 |   138 |   238 ||   449
       Headbutt          |    11 |    17 |    42 ||    70
       Flail             |       |       |   114 ||   114
Invok: Berserk           |       |     4 |     1 ||     5
  Use: Scroll            |     2 |     1 |     6 ||     9
       Potion            |       |     1 |       ||     1
 Stab: Distracted        |       |     1 |       ||     1
  Eat: Chunk             |     1 |     7 |    13 ||    21
Armor: Scale mail        |    16 |       |       ||    16
       Chain mail        |    28 |    76 |       ||   104
       Gold dragon scale |       |    83 |   401 ||   484
Dodge: Dodged            |    42 |    30 |    19 ||    91
